 Dungeon Crawl Stone Soup version 0.31-a0-175-g9f7f995f2b (webtiles) character file.

Game seed: 13502858035288597938

387 qw the Shooter (level 6, -3/57 HPs)
             Began as a Naga Hunter on June 17, 2023.
             Slain by a gnoll
             ... wielding a +0 whip
              (7 damage)
             ... on level 4 of the Dungeon.
             The game lasted 00:01:12 (3066 turns).

qw the Shooter (Naga Hunter)                        Turns: 3066, Time: 00:01:13

Health: -3/57      AC:  4    Str: 14    XL:     6   Next: 78%
Magic:  6/6        EV:  9    Int:  9    God:
Gold:   183        SH:  0    Dex: 16    Spells: 5/5 levels left

rFire   + . .        Y - +0 shortbow
rCold   + . .        (shield currently unavailable)
rNeg    . . .        c - +0 leather armour
rPois   +            j - +0 helmet
rElec   .            e - scarf {rC+ rF+}
rCorr   +            (no gloves)
SInv    +            (no barding)
Will    .....        (no amulet)
Stlth   ++           n - ring of resist corrosion
HPRegen 0.29/turn    (no ring)
MPRegen 0.10/turn

%: no passive effects
@: very slow
A: AC +2, large, see invisible, deformed body, poison resistance, slowness 2,
spit poison 1, naga tail 1
a: Spit Poison


You were on level 4 of the Dungeon.
You visited 1 branch of the dungeon, and saw 4 of its levels.

You collected 183 gold pieces.


Innate Abilities, Weirdness & Mutations

Your serpentine skin is tough. (AC +2)
You have supernaturally acute eyesight. (SInv)
Armour fits poorly on your strangely shaped body.
Your system is resistant to poisons. (rPois)
You cover ground very slowly.
You can spit poison.
You have a snake-like lower body.


   Skills:
 - Level 4.2 Fighting
 + Level 6.2 Ranged Weapons
 - Level 1.5 Dodging
 - Level 1.5 Stealth


You had 5 spell levels left.
You didn't know any spells.
Your spell library was empty.

Inventory:

Hand Weapons
 Y - a +0 shortbow (weapon)
Armour
 c - a +0 leather armour (worn)
 e - a scarf of resistance (worn)
 j - a +0 helmet (worn)
 m - a +0 cloak
Jewellery
 n - a ring of resist corrosion (left hand)
Scrolls
 o - 4 scrolls of identify
Potions
 a - a potion of magic {unknown}
 b - a potion of resistance {unknown}
 d - a potion of attraction {unknown}
 f - a potion of haste
 g - a potion of heal wounds {unknown}
 h - a potion of might {unknown}
 k - a potion of degeneration {unknown}

Dungeon Overview and Level Annotations

Branches:
Dungeon (4/15)
 Temple: D:4-7

Altars:
Trog


Message History

The gnoll hits you but does no damage.
You shoot an arrow. The arrow barely misses the orc wizard.
You have got your breath back.
The orc wizard hits you but does no damage.
The gnoll hits you but does no damage. The gnoll hits you with a +0 club.
The orc wizard hits you with a +0 dagger of speed.
3060 ||| INVOKING Spit Poison.
Aiming: Spit Poison (1% risk of failure)
Press: ? - help, Shift-Dir - straight line, f/p - orc wizard The splash of poison hits the orc wizard!
The orc wizard is almost dead.
The gnoll hits you but does no damage.
The orc wizard hits you with a +0 dagger of speed.
The gnoll hits you with a +0 club.
The orc wizard hits you with a +0 dagger of speed.
You shoot an arrow.
The arrow hits the orc wizard but does no damage.
The orc wizard is almost dead.
The gnoll hits you with a +0 whip. The orc hits you but does no damage.
You feel drained. The gnoll hits you with a +0 club.
The orc wizard hits you but does no damage.
You shoot an arrow. The arrow hits the orc wizard.
You kill the orc wizard!
The gnoll hits you with a +0 club. The gnoll hits you with a +0 whip.
The orc barely misses you. The gnoll closely misses you.
The gnoll hits you with a +0 whip.
Your life force feels restored.
You shoot an arrow. The arrow misses the orc wizard.
The gnoll hits you with a +0 club. The gnoll barely misses you.
The orc wizard hits you but does no damage.
You shoot an arrow. The arrow hits the orc wizard.
The orc wizard is lightly wounded.
The gnoll hits you with a +0 club. The orc wizard closely misses you.
The gnoll hits you with a +0 whip.
You shoot an arrow. The arrow misses the orc wizard.
The gnoll hits you with a +0 club. The gnoll hits you with a +0 whip.
You shoot an arrow. The arrow barely misses the orc wizard.
You have got your breath back.
The gnoll hits you with a +0 club. The gnoll hits you with a +0 whip!
You die...

#.##.##)# #.##.()..
#.####### #####.## ..
#......# .. #####
##...#..#
#.#..?###.......####
#..).o.#...........###
.#..og@...............>
......g.................
..#..<.....#............
##.....#.#.#.#..##.###
##...##...........#
##########.####### #.#
#.# #.#


You could see an orc wizard (invisible), 2 gnolls and an orc.

Vanquished Creatures
  2 orc priests (D:4)
  A hound (D:4)
  A sleepcap (D:2)
  Jessica (D:2)
  2 orc wizards
  Robin (D:2)
  7 adders
  A gnoll (D:4)
  4 dart slugs
  4 worms
  6 orcs
  2 endoplasms (D:1)
  4 giant cockroaches
  11 goblins
  9 hobgoblins
  10 jackals (D:1)
  4 quokkas
  9 ball pythons
  7 bats
  2 frilled lizards
  5 kobolds
  3 rats
96 creatures vanquished.

Notes
Turn   | Place    | Note
-------+----------+-------------------------------------------
     0 | D:1      | qw the Naga Hunter began the quest for the Orb.
     0 | D:1      | Reached XP level 1. HP: 19/19 MP: 1/1
     0 | D:1      | 0 ||| qw: Version: 0.3-a-2-g5ab2908
     0 | D:1      | 0 ||| qw: Game counter: 188
     0 | D:1      | 0 ||| qw: Always use a shield: true
     0 | D:1      | 0 ||| qw: God list: Okawaru
     0 | D:1      | 0 ||| qw: Allow faded altars: false
     0 | D:1      | 0 ||| qw: Do Orc after D:15 true
     0 | D:1      | 0 ||| qw: Do second Lair branch before Depths: true
     0 | D:1      | 0 ||| qw: Lair rune preference: random
     0 | D:1      | 0 ||| qw: Plans: Normal
     0 | D:1      | 0 ||| PLANNING D:1-11
    48 | D:1      | 48 ||| INVOKING Spit Poison.
    51 | D:1      | 51 ||| Stepping ~*~*~tactically~*~*~ (outnumbered).
    52 | D:1      | 52 ||| INVOKING Spit Poison.
    56 | D:1      | 56 ||| INVOKING Spit Poison.
   111 | D:1      | Reached skill level 4 in Ranged Weapons
   111 | D:1      | Reached XP level 2. HP: 26/26 MP: 2/2
   130 | D:1      | Found a faded altar of an unknown god.
   132 | D:1      | 132 ||| INVOKING Spit Poison.
   137 | D:1      | 137 ||| INVOKING Spit Poison.
   160 | D:1      | 160 ||| INVOKING Spit Poison.
   178 | D:1      | 178 ||| INVOKING Spit Poison.
   181 | D:1      | 181 ||| INVOKING Spit Poison.
   186 | D:1      | 186 ||| INVOKING Spit Poison.
   189 | D:1      | 189 ||| INVOKING Spit Poison.
   193 | D:1      | 193 ||| INVOKING Spit Poison.
   196 | D:1      | 196 ||| INVOKING Spit Poison.
   261 | D:1      | Reached XP level 3. HP: 32/32 MP: 3/3
   263 | D:1      | 263 ||| INVOKING Spit Poison.
   289 | D:1      | 289 ||| INVOKING Spit Poison.
   408 | D:1      | 408 ||| INVOKING Spit Poison.
   416 | D:1      | 416 ||| INVOKING Spit Poison.
   565 | D:1      | 565 ||| INVOKING Spit Poison.
   601 | D:1      | 601 ||| INVOKING Spit Poison.
   613 | D:1      | 613 ||| INVOKING Spit Poison.
   659 | D:1      | 659 ||| INVOKING Spit Poison.
   704 | D:1      | 704 ||| INVOKING Spit Poison.
   719 | D:1      | 719 ||| UPGRADING to scarf of resistance.
   724 | D:1      | 724 ||| READING scroll labelled VICVOI YWUS.
   725 | D:1      | 725 ||| DROPPING scroll of butterflies.
   754 | D:2      | 754 ||| INVOKING Spit Poison.
   777 | D:2      | 777 ||| INVOKING Spit Poison.
   812 | D:2      | 812 ||| INVOKING Spit Poison.
   828 | D:2      | 828 ||| INVOKING Spit Poison.
   861 | D:2      | Reached skill level 5 in Ranged Weapons
   861 | D:2      | Reached XP level 4. HP: 11/39 MP: 4/4
   988 | D:2      | 988 ||| INVOKING Spit Poison.
  1014 | D:2      | 1014 ||| INVOKING Spit Poison.
  1019 | D:2      | 1019 ||| INVOKING Spit Poison.
  1059 | D:2      | 1059 ||| INVOKING Spit Poison.
  1100 | D:2      | 1100 ||| INVOKING Spit Poison.
  1109 | D:2      | 1109 ||| INVOKING Spit Poison.
  1144 | D:2      | 1144 ||| INVOKING Spit Poison.
  1150 | D:2      | 1150 ||| INVOKING Spit Poison.
  1162 | D:2      | 1162 ||| INVOKING Spit Poison.
  1168 | D:2      | 1168 ||| INVOKING Spit Poison.
  1248 | D:2      | 1248 ||| INVOKING Spit Poison.
  1249 | D:2      | Noticed Robin
  1250 | D:2      | 1250 ||| Stepping ~*~*~tactically~*~*~ (outnumbered).
  1253 | D:2      | 1253 ||| INVOKING Spit Poison.
  1255 | D:2      | Reached skill level 3 in Fighting
  1260 | D:2      | Reached XP level 5. HP: 44/49 MP: 5/5
  1386 | D:2      | 1386 ||| INVOKING Spit Poison.
  1391 | D:2      | 1391 ||| INVOKING Spit Poison.
  1397 | D:2      | 1397 ||| INVOKING Spit Poison.
  1397 | D:2      | Killed Robin
  1414 | D:2      | 1414 ||| INVOKING Spit Poison.
  1501 | D:2      | Noticed Jessica
  1502 | D:2      | 1502 ||| INVOKING Spit Poison.
  1504 | D:2      | Killed Jessica
  1506 | D:2      | 1506 ||| INVOKING Spit Poison.
  1528 | D:2      | 1528 ||| INVOKING Spit Poison.
  1628 | D:2      | 1628 ||| INVOKING Spit Poison.
  1708 | D:2      | 1708 ||| UPGRADING to +0 helmet.
  1713 | D:2      | 1713 ||| DROPPING ring of flight.
  1714 | D:2      | 1714 ||| READING scroll labelled ECZIAV OSHRAMN.
  1715 | D:2      | 1715 ||| READING scroll labelled ITZOXI SIUSUO.
  1716 | D:2      | 1716 ||| READING scroll labelled NOBEOMNO XEOX.
  1717 | D:2      | 1717 ||| DRINKING 2 sapphire potions.
  1733 | D:3      | 1733 ||| INVOKING Spit Poison.
  1740 | D:3      | 1740 ||| INVOKING Spit Poison.
  1752 | D:3      | 1752 ||| INVOKING Spit Poison.
  1868 | D:3      | 1868 ||| INVOKING Spit Poison.
  1902 | D:3      | 1902 ||| INVOKING Spit Poison.
  1994 | D:3      | 1994 ||| INVOKING Spit Poison.
  2042 | D:3      | 2042 ||| INVOKING Spit Poison.
  2117 | D:3      | 2117 ||| INVOKING Spit Poison.
  2121 | D:3      | 2121 ||| INVOKING Spit Poison.
  2128 | D:3      | 2128 ||| INVOKING Spit Poison.
  2130 | D:3      | Reached skill level 6 in Ranged Weapons
  2130 | D:3      | Reached XP level 6. HP: 44/56 MP: 6/6
  2131 | D:3      | 2131 ||| INVOKING Spit Poison.
  2135 | D:3      | 2135 ||| INVOKING Spit Poison.
  2301 | D:3      | 2301 ||| INVOKING Spit Poison.
  2347 | D:3      | 2347 ||| INVOKING Spit Poison.
  2359 | D:3      | 2359 ||| INVOKING Spit Poison.
  2498 | D:3      | 2498 ||| UPGRADING to ring of resist corrosion.
  2499 | D:3      | 2499 ||| READING scroll labelled GASKOP VUIQAE.
  2500 | D:3      | 2500 ||| READING scroll labelled MUOLIU FOMAULE.
  2501 | D:3      | 2501 ||| READING scroll labelled OJUOL HIMALECK.
  2502 | D:3      | 2502 ||| READING scroll labelled REIBAM JURCH.
  2503 | D:3      | 2503 ||| READING scroll labelled FICLOE RYEKEMI.
  2527 | D:4      | 2527 ||| INVOKING Spit Poison.
  2533 | D:4      | 2533 ||| INVOKING Spit Poison.
  2581 | D:4      | 2581 ||| INVOKING Spit Poison.
  2640 | D:4      | 2640 ||| INVOKING Spit Poison.
  2647 | D:4      | 2647 ||| INVOKING Spit Poison.
  2651 | D:4      | 2651 ||| INVOKING Spit Poison.
  2714 | D:4      | 2714 ||| INVOKING Spit Poison.
  2717 | D:4      | 2717 ||| INVOKING Spit Poison.
  2720 | D:4      | 2720 ||| INVOKING Spit Poison.
  2724 | D:4      | 2724 ||| INVOKING Spit Poison.
  2827 | D:4      | 2827 ||| INVOKING Spit Poison.
  2906 | D:4      | 2906 ||| INVOKING Spit Poison.
  2924 | D:4      | 2924 ||| INVOKING Spit Poison.
  2925 | D:4      | Found a bloodstained altar of Trog.
  3032 | D:4      | 3032 ||| INVOKING Spit Poison.
  3051 | D:4      | 3051 ||| INVOKING Spit Poison.
  3055 | D:4      | 3055 ||| INVOKING Spit Poison.
  3060 | D:4      | 3060 ||| INVOKING Spit Poison.
  3064 | D:4      | HP: 14/57 [gnoll/+0 whip (2)]
  3065 | D:4      | HP: 6/57 [gnoll/+0 whip (5)]
  3066 | D:4      | Slain by a gnoll

Levels and vault maps discovered:
D:1:      dpeg_arrival_round_c, layout_loops_ring, basic_ecumenical_altar
D:2:      layout_loops_ring, reono_crystal_passage, uniq_jessica, uniq_robin
D:3:      layout_basic, chequers_serial_rivers_small_b
D:4:      layout_loops_cross, lemuel_coloured_pillars_altar

Skill      XL: |  1  2  3  4  5  6 |
---------------+-------------------+-----
Ranged Weapons | 4 5 6 |  6.2
Fighting       | 3 4 |  4.2
Dodging        | |  1.5
Stealth        | |  1.5

Action                     |  1- 3 |  4- 6 || total
---------------------------+-------+-------++-------
   Fire: Shortbow          |    67 |   136 ||   203
Ability: Spit Poison       |    25 |    52 ||    77
    Use: Scroll            |     1 |     8 ||     9
         Potion            |       |     1 ||     1
 Armour: Leather armour    |    10 |    25 ||    35
  Dodge: Dodged            |    28 |    36 ||    64

Table legend:
 A = Non-vault XP
 B = Vault XP
 C = Vault XP percentage of total XP
 D = Non-vault monster count
 E = Vault monster count
 F = Vault count percentage of total count
                 A         B        C        D         E       F
            +---------+---------+-------+---------+---------+-------
      Total |     483 |      70 |  12.7 |      85 |      11 |  11.5
            +---------+---------+-------+---------+---------+-------
        D:1 |      58 |       0 |   0.0 |      31 |       0 |   0.0
        D:2 |     109 |      70 |  39.1 |      17 |      11 |  39.3
        D:3 |      93 |       0 |   0.0 |      21 |       0 |   0.0
        D:4 |     223 |       0 |   0.0 |      16 |       0 |   0.0
            +---------+---------+-------+---------+---------+-------
